 Dungeon Crawl Stone Soup version 0.24.1 (webtiles) character file.

Game seed: 5902105182553460026, levelgen mode: deterministic

5707 Curus the Basher (level 10, -5/80 HPs)
             Began as a Hill Orc Abyssal Knight on Apr 5, 2020.
             Was a High Priest of Lugonu.
             Killed from afar by a rime drake (20 damage)
             ... with a flash freeze
             ... on level 1 of the Lair of Beasts.
             The game lasted 00:36:22 (9133 turns).

Curus the Basher (Hill Orc Abyssal Knight)          Turns: 9133, Time: 00:36:22

Health: -5/80      AC: 15    Str: 26    XL:     10   Next: 76%
Magic:  17/17      EV:  7    Int: 12    God:    Lugonu [*****.]
Gold:   382        SH:  5    Dex: 13    Spells: 9/9 levels left

rFire    . . .     SeeInvis +   s - +2 morningstar (freeze)
rCold    . . .     Gourm    .   (no shield)
rNeg     . . .     Faith    .   A - +0 plate armour
rPois    .         Spirit   .   m - +0 helmet
rElec    .         Reflect  +   f - scarf {repulsion}
rCorr    .         Harm     .   x - +2 pair of gloves {Str+3}
MR       .....                  (no boots)
Stlth    ..........             z - +5 amulet of reflection
HPRegen  0.23/turn              n - ring "Jeynaug" {*Contam Str+7 SInv}
MPRegen  0.15/turn              (no ring)

@: studying Shields, repel missiles
A: no striking features
a: Depart the Abyss, Bend Space, Banish, Corrupt, Enter the Abyss, Renounce
Religion


You were on level 1 of the Lair of Beasts.
You worshipped Lugonu.
Lugonu was extremely pleased with you.
You were not hungry.

You visited 2 branches of the dungeon, and saw 9 of its levels.
You visited the Abyss 1 time.
You also visited: Ossuary.

You collected 382 gold pieces.

Inventory:

Hand Weapons
 a - a +3 hand axe
 s - a +2 morningstar of freezing (weapon)
 B - the +4 war axe of Haogh {venom, rF+ rN++ Dex-4}
   (You found it on level 7 of the Dungeon)

   It poisons the flesh of those it strikes.
   It affects your dexterity (-4).
   It protects you from fire.
   It greatly protects you from negative energy.
Armour
 b - a +0 leather armour
 f - a scarf of repulsion (worn)
 j - a +0 scale mail
 m - a +0 helmet (worn)
 o - a +0 chain mail
 t - a +1 chain mail of fire resistance
 x - a +2 pair of gloves of strength (worn)
 A - a +0 plate armour (worn)
 E - a scarf of spirit shield
Jewellery
 d - an uncursed ring of see invisible
 k - an uncursed ring of attention
 n - the ring "Jeynaug" (left hand) {*Contam Str+7 SInv}
   (You found it on level 4 of the Dungeon)

   [ring of see invisible]

   It affects your strength (+7).
   It lets you see invisible.
   It causes magical contamination when unequipped.
 z - a +5 amulet of reflection (around neck)
Wands
 g - a wand of flame (8)
 v - a wand of iceblast (13)
 y - a wand of scattershot (5)
Scrolls
 e - 15 scrolls of identify
 i - 6 scrolls of teleportation
 l - 3 scrolls of remove curse
 p - 2 scrolls of blinking
 u - a scroll of fog
 w - 2 scrolls of magic mapping
 C - 2 scrolls of fear
Potions
 h - 7 potions of curing
 q - 2 potions of heal wounds
 D - 2 potions of brilliance
Books
 r - a manual of Shields
Comestibles
 c - 13 rations


   Skills:
 + Level 4.6 Fighting
 - Level 9.5(12.9) Axes
 - Level 12.2(13.0) Maces & Flails
 + Level 3.3 Armour
 - Level 0.7 Dodging
 - Level 10.1 Invocations


You had 9 spell levels left.
You didn't know any spells.
Your spell library contained the following spells:

 Spells                   Type           Power        Failure   Level  Hunger
 Shock                    Conj/Air       #...         99%         1    ##.....
 Swiftness                Chrm/Air       #.......     100%        2    ###....
 Static Discharge         Conj/Air       #.......     100%        3    ####...
 Airstrike                Air            #.........   100%        4    #####..
 Lightning Bolt           Conj/Air       #.........   100%        5    ######.


Dungeon Overview and Level Annotations

Branches:
Dungeon (8/15)             Temple (0/1) D:4            Lair (1/6) D:8
Ossuary (visited)

Altars:
Dithmenos
Gozag
Okawaru
Qazlal
Ru
Wu Jian
Xom

Annotations:
Abyss:1 Edmund


Message History

* * * LOW HITPOINT WARNING * * *
You are encased in ice.
You hit the rime drake but do no damage.
The rime drake is lightly wounded.
The rime drake bites you but does no damage.
You closely miss the rime drake.
The rime drake is lightly wounded.
You block the rime drake's attack.
You hit the rime drake.
The rime drake is moderately wounded.
You block the rime drake's attack.
You hit the rime drake.
The rime drake is heavily wounded.
The ice encasing you melts away. You block the rime drake's attack.
You closely miss the rime drake.
The rime drake is heavily wounded.
The rime drake breathes ice at you. The flash freeze hits you!!
You die...

#...# ..# #...#
.(.. #...# .....
####...##[....
#.............
#$....<.......
#..#...#...... ##
#....#.....
...#..##@..#......
......tk.†..##...P
..###P.#.....##.P#
.....#.........#
.........†.......
.................
.................
.................
.................


You could see a rime drake and a crocodile.

Vanquished Creatures
  A two-headed ogre (D:8)
  A spiny frog (Lair:1)
  A wyvern (Lair:1)
  4 yaks (D:8)
  A basilisk (D:8)
  A wraith (Ossuary)
  Eustachio (D:4)
  A hungry ghost (D:7)
  An ice beast (D:8)
  4 porcupines (D:8)
  4 phantoms
  A black bear (D:8)
  2 sky beasts
  3 ogres
  A centaur (D:8)
  4 crocodiles
  2 bullfrogs
  2 scorpions
  5 killer bees (D:8)
  4 howler monkeys
  A bullfrog zombie (D:6)
  4 crimson imps
  3 jellies
  4 hounds
  2 orc wizards
  A bullfrog skeleton (D:8)
  A centaur skeleton (D:6)
  Natasha (D:2)
  6 worker ants
  A killer bee zombie (D:5)
  3 mummies (Ossuary)
  Robin (D:3)
  8 gnolls
  A howler monkey skeleton (D:6)
  2 worker ant zombies
  9 adders
  A shadow imp (D:6)
  2 oozes
  2 adder skeletons (D:4)
  A worm (D:2)
  3 dart slugs
  6 leopard geckos
  17 orcs
  2 ball pythons
  16 giant cockroaches
  17 goblins
  10 hobgoblins
  7 jackals
  5 kobolds
  A quokka (D:6)
  6 bats
  3 frilled lizards
  2 goblin zombies (Ossuary)
  3 hobgoblin zombies (Ossuary)
  A kobold zombie (Ossuary)
  A leopard gecko zombie (D:6)
  An orc zombie (Ossuary)
  A quokka skeleton (D:4)
  2 rats (D:1)
202 creatures vanquished.

Vanquished Creatures (others)
  2 bushes (D:8)
  5 fungi (D:8)
  14 plants
21 creatures vanquished.

Grand Total: 223 creatures vanquished

Notes
Turn   | Place    | Note
-------+----------+-------------------------------------------
     0 | Abyss:1  | Curus the Hill Orc Abyssal Knight began the quest for the
                  | Orb.
     0 | Abyss:1  | Reached XP level 1. HP: 19/19 MP: 2/2
    93 | D:1      | Escaped the Abyss
   203 | D:1      | Reached XP level 2. HP: 25/26 MP: 4/4
  1105 | D:1      | Reached XP level 3. HP: 31/31 MP: 5/5
  1190 | D:1      | Reached ** piety under Lugonu
  2050 | D:2      | Reached XP level 4. HP: 26/39 MP: 7/7
  2260 | D:2      | Found an opulent altar of Gozag.
  2652 | D:2      | Found a faded altar of an unknown god.
  2811 | D:2      | Noticed Natasha
  2821 | D:2      | Killed Natasha
  2821 | D:2      | Reached skill level 5 in Axes
  3091 | D:3      | Reached XP level 5. HP: 45/45 MP: 8/8
  3158 | D:3      | Noticed Robin
  3167 | D:3      | Reached skill level 5 in Invocations
  3202 | D:3      | Killed Robin
  3552 | D:3      | Reached *** piety under Lugonu
  3616 | D:3      | Found a shimmering altar of Xom.
  3672 | D:3      | Found a shimmering altar of Xom.
  3673 | D:3      | Found a shimmering altar of Xom.
  4097 | D:4      | Found a staircase to the Ecumenical Temple.
  4160 | D:4      | Noticed Edmund
  4188 | D:4      | Banished Edmund
  4188 | D:4      | Reached XP level 6. HP: 11/51 MP: 10/10
  4666 | D:4      | Noticed a phantom
  4709 | D:4      | Killed a phantom
  4709 | D:4      | Reached XP level 7. HP: 40/57 MP: 10/12
  4749 | D:4      | Noticed Eustachio
  4768 | D:4      | Killed Eustachio
  5020 | D:4      | Got a smoking amber ring
  5280 | D:4      | Reached XP level 8. HP: 39/64 MP: 14/14
  5442 | D:4      | Identified the ring "Jeynaug" {*Contam Str+7 SInv} (You
                  | found it on level 4 of the Dungeon)
  5446 | D:5      | Entered Level 5 of the Dungeon
  5523 | D:5      | Found a shadowy altar of Dithmenos.
  5719 | D:5      | Reached **** piety under Lugonu
  5828 | D:5      | Found an ornate altar of the Wu Jian Council.
  6100 | D:6      | Reached skill level 1 in Maces & Flails
  6127 | D:6      | Identified a scroll of acquirement
  6150 | D:6      | Reached skill level 2 in Maces & Flails
  6201 | D:6      | Found a stormy altar of Qazlal.
  6278 | D:6      | Reached skill level 3 in Maces & Flails
  6389 | D:6      | Reached skill level 4 in Maces & Flails
  6972 | D:7      | Reached XP level 9. HP: 62/70 MP: 16/16
  6993 | D:7      | Reached skill level 5 in Maces & Flails
  6993 | D:7      | Reached skill level 10 in Invocations
  7023 | D:7      | Got a faintly glowing war axe
  7029 | D:7      | Found a sand-covered staircase.
  7059 | D:7      | Identified the +4 war axe of Haogh {venom, rF+ rN++ Dex-4}
                  | (You found it on level 7 of the Dungeon)
  7061 | Ossuary  | Entered an ossuary
  7174 | Ossuary  | Reached skill level 6 in Maces & Flails
  7575 | D:7      | Reached skill level 7 in Maces & Flails
  7747 | D:7      | Reached ***** piety under Lugonu
  8058 | D:8      | Noticed a two-headed ogre
  8061 | D:8      | Found an iron altar of Okawaru.
  8068 | D:8      | Killed a two-headed ogre
  8068 | D:8      | Reached skill level 9 in Maces & Flails
  8146 | D:8      | Reached XP level 10. HP: 31/77 MP: 17/17
  8147 | D:8      | Reached skill level 10 in Maces & Flails
  8198 | D:8      | HP: 1/77 [crocodile (6)]
  8760 | D:8      | Found a sacrificial altar of Ru.
  8816 | D:8      | Reached skill level 11 in Maces & Flails
  9000 | D:8      | Found a staircase to the Lair.
  9019 | D:8      | Reached skill level 12 in Maces & Flails
  9059 | Lair:1   | Entered Level 1 of the Lair of Beasts
  9059 | Lair:1   | Noticed a spiny frog
  9070 | Lair:1   | Killed a spiny frog
  9133 | Lair:1   | Killed from afar by a rime drake

Levels and vault maps discovered:
D:1:      mainiacjoe_arrival_reflecting_pool, layout_basic,
          minmay_crystal_water, minmay_tetromino_i2
D:2:      layout_basic, marbit_many_paths, chequers_ecumenical_altar_grove,
          uniq_natasha
D:3:      layout_basic, xom_redecorated, uniq_robin
D:4:      minmay_door_path, layout_basic, minmay_temple_entry_glass,
          portal_sewer_entry_f, minivault_5, uniq_edmund, uniq_eustachio
D:5:      layout_rooms, old_standard_altar, kennysheep_mini, first_ration,
          minmay_manual_mail
D:6:      layout_cave_pods, kennysheep_mini_moat, serial_column_ruins,
          column_ruins_open_small, column_ruins_open_tiny,
          column_ruins_columns_corner, column_ruins_corridor_straight,
          column_ruins_open_small
D:7:      layout_basic, nicolae_ossuary_entry_monument,
          grunt_decor_mini_mirrors, minmay_misc_feat_cross
D:8:      layout_basic, nicolae_ru_path_of_blood, minmay_lair_entry_grove,
          basic_altar
Lair:1:   beast_lair_carwin_large_1, layout_gridlike, gammafunk_ghost_hive,
          st_stairs_11

Skill      XL: |  1  2  3  4  5  6  7  8  9 10 |
---------------+-------------------------------+-----
Axes           | 3 4 5 6 7 8 9 |  9.5
Invocations    | 3 4 6 7 8 9 10 | 10.1
Maces & Flails | 4 9 12 | 12.2
Fighting       | 4 |  4.6
Armour         | 3 |  3.3
Dodging        | |  0.7

Action                   |  1- 3 |  4- 6 |  7- 9 | 10-12 || total
-------------------------+-------+-------+-------+-------++-------
Melee: Hand axe          |   114 |   171 |   196 |       ||   481
       Morningstar       |       |       |   257 |   174 ||   431
Invok: Banish            |       |     1 |       |       ||     1
Evoke: Wand              |       |       |     4 |     2 ||     6
  Use: Scroll            |     6 |     3 |     9 |     1 ||    19
       Potion            |     4 |     3 |     2 |       ||     9
  Eat: Chunk             |     1 |     8 |    11 |       ||    20
       Ration            |     1 |       |     5 |     1 ||     7
Armor: Leather armour    |    27 |     1 |       |       ||    28
       Scale mail        |       |    55 |    24 |       ||    79
       Chain mail        |       |       |    92 |       ||    92
       Plate armour      |       |       |    93 |    69 ||   162
Dodge: Dodged            |    60 |    86 |   150 |    41 ||   337
       Deflected         |       |     6 |       |     1 ||     7
Block: Other             |       |       |    39 |    27 ||    66
